 Dungeon Crawl Stone Soup version 0.31-a0-609-g7bf6ffcfed (webtiles) character file.

Game seed: 5395040068550815708

25699 lunkers the Black Belt (level 13, -1/169 HPs)
             Began as a Meteoran Shapeshifter on Aug 17, 2023.
             Was an Initiate of Gozag.
             Slain by Snorg (3 damage)
             ... on level 5 of the Lair of Beasts on Aug 21, 2023.
             The game lasted 00:21:50 (4929 turns).

lunkers the Black Belt (Meteoran Shapeshifter)      Turns: 4929, Time: 00:21:51

Health: -1/169     AC: 26    Str: 24 (25) XL:     13   Next: 89%
Magic:  14/14      EV:  2    Int:  9      God:    Gozag
Gold:   2289       SH:  0    Dex: 19      Spells: 12/12 levels left

rFire   . .          .
                       - Unarmed
rCold   . . .        (no shield)
rNeg    . . .        A - melded +6 scale mail of the Volcano {Int+5}
rPois   +            u - melded +2 hat {Will+}
rElec   .            (cloak currently unavailable)
rCorr   .            (gloves currently unavailable)
SInv    .            (boots currently unavailable)
Will    +....        D - amulet of regeneration
Stlth   +            n - +6 ring of strength
HPRegen 1.28/turn    g - ring of poison resistance
MPRegen 0.14/turn

%: no passive effects
@: tree-form, glowing
A: stationary, stasis, torment immunity, boosted hp, sense surroundings 2,
otherworldly, glowing, explore regen
a: Renounce Religion, Potion Petition, Call Merchant, Bribe Branch


You were on level 5 of the Lair of Beasts.
You worshipped Gozag.
Gozag was most pleased with you.
You were a tree.
You visited 3 branches of the dungeon, and saw 14 of its levels.
You also visited: Bailey.

You collected 2359 gold pieces.
You paid 70 gold pieces to Gozag.

Inventory:

Missiles
 i - 16 boomerangs
 G - 14 poisoned darts
 H - 14 curare-tipped darts
 I - 8 datura-tipped darts
Armour
 s - a +2 pair of gloves of hurling
 u - a +2 hat of willpower (melded)
 y - a +2 helmet
 A - the +6 scale mail of the Volcano (melded) {Int+5}
   (You found it on level 5 of the Dungeon)

   Int+5:     It affects your intelligence (+5).
 F - a scarf of shadows
Jewellery
 g - a ring of poison resistance (right branch)
 n - a +6 ring of strength (left branch)
 D - an amulet of regeneration (around neck)
Talismans
 c - a beast talisman
 d - a flux talisman
 C - a blade talisman
Wands
 a - a wand of flame (5)
 q - a wand of charming (10)
 r - a wand of polymorph (5)
 K - a wand of digging (6)
 L - a wand of light (1)
Scrolls
 h - 3 scrolls of noise
 j - 4 scrolls of identify {unknown}
 p - a scroll of brand weapon {unknown}
 t - 2 scrolls of enchant weapon {unknown}
 w - 3 scrolls of fear {unknown}
 x - 2 scrolls of vulnerability {unknown}
 z - 2 scrolls of amnesia {unknown}
 M - a scroll of teleportation
 N - a scroll of fog
Potions
 e - 2 potions of cancellation {unknown}
 f - 2 potions of might {unknown}
 k - 3 potions of ambrosia {unknown}
 l - 3 potions of attraction {unknown}
 m - a potion of heal wounds {unknown}
 o - a potion of enlightenment {unknown}
 v - a potion of curing {unknown}
 B - a potion of haste {unknown}
Miscellaneous
 J - a condenser vane (inert)


   Skills:
 + Level 10.1 Fighting
 + Level 4.6 Armour
 + Level 10.3 Dodging
 + Level 16.7 Unarmed Combat
 + Level 0.3 Evocations
 + Level 11.1 Shapeshifting


You had 12 spell levels left.
You didn't know any spells.
Your spell library contained the following spells:

 Spells                   Type           Power      Damage    Failure   Level
 Slow                     Hex            0%         N/A       38%         1
 Static Discharge         Conj/Air       0%         2-2/arc   52%         2
 Confusing Touch          Hex            0%         N/A       77%         3
 Dazzling Flash           Conj/Hex       0%         N/A       77%         3
 Vampiric Draining        Necr           0%         2d6       77%         3
 Airstrike                Air            0%         2d(0-16)  99%         4
 Summon Lightning Spire   Summ/Air       0%         N/A       99%         4
 Agony                    Necr           0%         N/A       100%        5
 Silence                  Hex/Air        0%         N/A       100%        5


Dungeon Overview and Level Annotations

Branches:
Dungeon (8/15) Zot: 1454   Temple (1/1) D:6 Zot: 549    Lair (5/5) D:8 Zot: 1833
 Spider (0/4) Lair:3        Slime (0/5) Lair:5       Bailey (visited)
  Swamp: Lair:2-3    Shoals: Lair:2-3

Altars:
Ashenzari
Cheibriados
Dithmenos
Elyvilon
Fedhas
Gozag
Kikubaaqudgha
Nemelex Xobeh
Okawaru
Qazlal
Ru
Sif Muna
Trog
Uskayaw
Vehumet
Wu Jian
Xom
Yredelemnul
Zin
The Shining One
Jiyva

Shops:
D:6 (

Annotations:
Lair:5 Snorg


Innate Abilities, Weirdness & Mutations

You are a tree.
Your roots penetrate the ground, keeping you stationary.
You cannot be teleported.
You are immune to unholy pain and torment.
Your maximum health is greatly increased.
Your equipment is partially melded.
You passively map the area around you.
You are easily found by Zot.
You glow in the dark.
You regain HP and MP as you explore.


Message History

Snorg claws you but does no damage.
You barely miss Snorg.
Snorg is heavily wounded.
Snorg bites you but does no damage. Snorg claws you but does no damage. x2
You thrash Snorg!!! You punch Snorg.
Snorg is severely wounded.
Snorg completely misses you. Snorg claws you!
* * * LOW HITPOINT WARNING * * *
Snorg claws you.
* * * LOW HITPOINT WARNING * * *
You completely miss Snorg. Your punch misses Snorg.
Snorg is severely wounded.
Snorg bites you.
* * * LOW HITPOINT WARNING * * *
Snorg claws you.
* * * LOW HITPOINT WARNING * * *
Snorg claws you but does no damage.
You pummel Snorg!!
Snorg is almost dead.
Snorg bites you.
* * * LOW HITPOINT WARNING * * *
Snorg barely misses you. Snorg claws you but does no damage.
Unknown command.
You barely miss Snorg.
Snorg is almost dead.
Snorg bites you but does no damage. Snorg claws you.
* * * LOW HITPOINT WARNING * * *
Snorg claws you.
* * * LOW HITPOINT WARNING * * *
Unknown command.
You closely miss Snorg.
Snorg is almost dead.
Snorg bites you.
* * * LOW HITPOINT WARNING * * *
Snorg claws you but does no damage. x2
You smack Snorg!
Snorg is almost dead.
Snorg bites you.
You die...
Your body crumbles into a pile of gold.

###...................... ,
# #................(..... ,
, ,
##.......................
,,
....P....................,,
, ..+......................
, ,
##...............$.......
.......P.................
#................T....... *
................♣........
,......$............. ,
.........$........., , , ,
,, ,.................., , *
, ........#........., ,
.#P####.#........,, * ##
#.##....... ,, * *, ,.##
....... , , *, , . ......,
, ,,


You could see Snorg (berserk).

Vanquished Creatures
  2 hydras (Lair:4)
  A boulder beetle (Lair:4)
  A necromancer (Lair:2)
  10 elephants (Lair:3)
  4 black mambas
  A torpor snail (Lair:4)
  3 cane toads
  2 rime drakes
  5 komodo dragons
  5 polar bears (Lair:4)
  Grinder (D:5)
  8 blink frogs
  Sigmund (D:3)
  3 basilisks
  50 yaks
  2 redbacks (Lair:3)
  Menkaure (D:6)
  7 water moccasins
  Duvessa (D:7)
  A black bear (Lair:1)
  An ice beast (D:5)
  A sky beast (D:7)
  6 orc warriors
  An ogre (D:5)
  12 wolves
  A centaur (D:6)
  A phantom (D:6)
  Blork the orc (D:5)
  6 kobold brigands
  5 scorpions
  6 bullfrogs
  Dowan (D:7)
  4 killer bees (D:8)
  2 jellies
  An orc priest (D:5)
  A hound (D:3)
  A sleepcap (D:7)
  12 orc wizards
  Natasha (thrice) (D:3)
  3 iguanas
  A polar bear simulacrum (Lair:2)
  3 yak simulacra (Lair:2)
  4 wolf simulacra (Lair:2)
  4 adders
  4 gnolls (D:4)
  2 ufetubi
  16 orcs
  7 ball pythons
  5 bats
  13 endoplasms
  7 giant cockroaches
  8 goblins
  9 hobgoblins
  2 jackals (D:4)
  2 quokkas (D:1)
  A frilled lizard (D:3)
  25 kobolds
  6 rats
  3 river rat simulacra (Lair:2)
300 creatures vanquished.

Notes
Turn   | Place    | Note
-------+----------+-------------------------------------------
     0 | D:1      | lunkers the Meteoran Shapeshifter began the quest for the
                  | Orb.
     0 | D:1      | Reached XP level 1. HP: 16/16 MP: 2/2
    14 | D:1      | Found a faded altar of an unknown god.
   161 | D:1      | Reached XP level 2. HP: 18/23 MP: 3/3
   172 | D:1      | Reached skill level 4 in Unarmed Combat
   238 | D:1      | Reached XP level 3. HP: 28/28 MP: 4/4
   398 | D:2      | Reached skill level 5 in Unarmed Combat
   398 | D:2      | Reached XP level 4. HP: 19/35 MP: 5/5
   690 | D:2      | Reached XP level 5. HP: 39/40 MP: 6/6
   891 | D:3      | Noticed Natasha
   897 | D:3      | Killed Natasha
   983 | D:3      | Noticed Sigmund
   990 | D:3      | Killed Sigmund
   991 | D:3      | Reached skill level 7 in Unarmed Combat
   991 | D:3      | Reached skill level 5 in Shapeshifting
   991 | D:3      | Reached XP level 6. HP: 47/47 MP: 7/7
  1119 | D:3      | Noticed Natasha
  1126 | D:3      | Killed Natasha
  1127 | D:3      | Reached XP level 7. HP: 49/52 MP: 8/8
  1139 | D:3      | Noticed Natasha
  1143 | D:3      | Killed Natasha
  1651 | D:4      | Reached skill level 8 in Unarmed Combat
  1800 | D:5      | Entered Level 5 of the Dungeon
  1839 | D:5      | Noticed Grinder
  1853 | D:5      | Killed Grinder
  1854 | D:5      | Reached skill level 9 in Unarmed Combat
  1854 | D:5      | Reached XP level 8. HP: 43/59 MP: 9/9
  2007 | D:5      | Identified the +6 scale mail of the Volcano {Int+5}
  2147 | D:5      | Noticed Blork the orc
  2159 | D:5      | Killed Blork the orc
  2160 | D:5      | Gained mutation: You passively map the area around you.
                  | [Meteoran growth]
  2160 | D:5      | Reached XP level 9. HP: 57/67 MP: 10/10
  2206 | D:5      | Reached skill level 10 in Unarmed Combat
  2312 | D:6      | Found a staircase to the Ecumenical Temple.
  2318 | Temple   | Entered the Ecumenical Temple
  2356 | Temple   | Became a worshipper of Gozag Ym Sagoz the Greedy
  2383 | D:6      | Found an iron altar of Okawaru.
  2466 | D:6      | Noticed Menkaure
  2467 | D:6      | Found an ancient bone altar of Kikubaaqudgha.
  2475 | D:6      | Killed Menkaure
  2476 | D:6      | Found a white marble altar of Elyvilon.
  2476 | D:6      | Found a snail-covered altar of Cheibriados.
  2479 | D:6      | Upgraded the game from 0.31-a0-564-g3b7de120b3 to
                  | 0.31-a0-609-g7bf6ffcfed
  2486 | D:6      | Found a bloodstained altar of Trog.
  2493 | D:6      | Found an ornate altar of the Wu Jian Council.
  2706 | D:6      | Found Fitrox's Antique Weapon Emporium.
  2860 | D:7      | Reached skill level 11 in Unarmed Combat
  2923 | D:7      | Noticed Dowan
  2923 | D:7      | Noticed Duvessa
  2929 | D:7      | Killed Duvessa
  2936 | D:7      | Killed Dowan
  2937 | D:7      | Reached XP level 10. HP: 37/79 MP: 11/11
  3027 | D:7      | Reached skill level 5 in Dodging
  3040 | D:7      | Found a flagged portal.
  3047 | Bailey   | Entered a bailey
  3077 | Bailey   | Reached skill level 5 in Fighting
  3090 | Bailey   | Reached skill level 12 in Unarmed Combat
  3237 | Bailey   | Found an iron altar of Okawaru.
  3486 | D:8      | Found a shadowy altar of Dithmenos.
  3632 | D:8      | Noticed a komodo dragon
  3643 | D:8      | Killed a komodo dragon
  3655 | D:8      | Found a staircase to the Lair.
  3664 | Lair:1   | Entered Level 1 of the Lair of Beasts
  3683 | Lair:1   | Noticed a komodo dragon
  3695 | Lair:1   | Killed a komodo dragon
  3696 | Lair:1   | Reached XP level 11. HP: 53/89 MP: 12/12
  3705 | Lair:1   | Reached skill level 13 in Unarmed Combat
  3803 | Lair:2   | Noticed a necromancer
  3816 | Lair:2   | Killed a necromancer
  3899 | Lair:3   | Reached skill level 14 in Unarmed Combat
  3956 | Lair:3   | Found a hole to the Spider Nest.
  4014 | Lair:3   | Noticed an elephant
  4017 | Lair:3   | Noticed a black mamba
  4018 | Lair:3   | Noticed an elephant
  4021 | Lair:3   | Noticed an elephant
  4021 | Lair:3   | Noticed an elephant
  4028 | Lair:3   | Noticed an elephant
  4029 | Lair:3   | Noticed an elephant
  4032 | Lair:3   | Killed a black mamba
  4034 | Lair:3   | Killed an elephant
  4035 | Lair:3   | Reached XP level 12. HP: 97/100 MP: 13/13
  4051 | Lair:3   | Reached skill level 15 in Unarmed Combat
  4085 | Lair:3   | Reached skill level 10 in Shapeshifting
  4164 | Lair:4   | Reached skill level 16 in Unarmed Combat
  4164 | Lair:4   | Reached XP level 13. HP: 70/110 MP: 14/14
  4217 | Lair:4   | Noticed a boulder beetle
  4226 | Lair:4   | Killed a boulder beetle
  4241 | Lair:4   | Reached skill level 1 in Armour
  4390 | Lair:4   | Noticed a five-headed hydra
  4399 | Lair:4   | Killed a five-headed hydra
  4550 | Lair:4   | Noticed an eight-headed hydra
  4562 | Lair:4   | Killed an eight-headed hydra
  4562 | Lair:4   | Noticed an eight-headed hydra
  4582 | Lair:4   | an eight-headed hydra changed into something unseen
  4621 | Lair:4   | Reached skill level 10 in Dodging
  4705 | Lair:5   | Entered Level 5 of the Lair of Beasts
  4742 | Lair:5   | Reached skill level 10 in Fighting
  4783 | Lair:5   | Found a viscous altar of Jiyva.
  4785 | Lair:5   | Found a staircase to the Slime Pits.
  4906 | Lair:5   | Noticed Snorg
  4925 | Lair:5   | HP: 6/169 [Snorg (6)]
  4928 | Lair:5   | HP: 1/169 [Snorg (4)]
  4929 | Lair:5   | Slain by Snorg

Illustrated notes

Levels and vault maps discovered:
D:1:      minmay_arrival_cross, layout_rooms, basic_ecumenical_altar,
          grunt_decor_cap
D:2:      layout_basic
D:3:      layout_basic, uniq_natasha, uniq_sigmund
D:4:      layout_basic, uniq_pikel
D:5:      layout_basic, nicolae_houndstooth_variations, uniq_grinder,
          uniq_blork_the_orc
D:6:      minmay_flawed_box, layout_cave_pools, minmay_overflow_temple_star_hex,
          mainiacjoe_overflow_24_doors, serial_shops, shop, st_stairs_8,
          uniq_menkaure
D:7:      hellmonk_crumbling_castle, layout_loops_corners, enter_bailey_3,
          minmay_crystal_water, uniq_duvessa
D:8:      layout_loops_ring, nicolae_dithmenos_shadow_blocks,
          gammafunk_temple_overflow_statue, david_lair_shrubbed, minivault_5
Temple:   nicolae_temple_figure_eight
Lair:1:   beast_lair_carwin_large_1, layout_layer_cave
Lair:2:   layout_hall_layers, minmay_shoals_entry_hut, serial_bayou_lagoon_a,
          eino_house_with_fridge
Lair:3:   layout_misc_corridors, spider_nest_entry_webs
Lair:4:   layout_concentric_octagons, beast_lair_carwin_9, lemuel_fruit_tree
Lair:5:   grunt_lair_end_beastmaster, layout_regular_city,
          nicolae_slime_entry_slimehenge, basic_altar, lemuel_fruit_fields,
          uniq_snorg

Skill      XL: |  1  2  3  4  5  6  7  8  9 10 11 12 13 |
---------------+----------------------------------------+-----
Unarmed Combat | 4 5 7 9 11 12 14 16 | 16.7
Shapeshifting  | 4 5 6 7 8 9 10 11 | 11.1
Fighting       | 2 4 6 7 8 10 | 10.1
Dodging        | 3 4 6 7 9 10 | 10.3
Armour         | 4 |  4.6
Evocations     | |  0.3

Action                     |  1- 3 |  4- 6 |  7- 9 | 10-12 | 13-15 || total
---------------------------+-------+-------+-------+-------+-------++-------
  Melee: Unarmed           |    67 |    57 |   202 |   307 |   154 ||   787
         Punch             |     1 |     1 |     9 |    26 |    20 ||    57
  Evoke: Condenser vane    |       |       |       |     1 |     1 ||     2
         Wand              |       |       |       |       |    21 ||    21
    Use: Potion            |       |     1 |       |     2 |     1 ||     4
         Scroll            |       |       |       |     2 |     3 ||     5
   Stab: Distracted        |       |       |     1 |     1 |       ||     2
         Invisible         |       |       |       |       |     1 ||     1
 Armour: Ring mail         |    18 |    20 |    20 |       |       ||    58
         Animal skin       |     2 |       |       |       |       ||     2
         Scale mail        |       |       |    38 |    59 |    27 ||   124
         Skin              |       |       |       |    80 |    13 ||    93
  Dodge: Dodged            |    41 |    17 |    98 |   137 |    99 ||   392
   Form: Blade             |       |       |     1 |       |       ||     1

Table legend: (Time is in decaauts)
 A = Elapsed time spent in this place.
 B = Non-inter-level travel time spent in this place.
 C = Inter-level travel time spent in this place.
 D = Time resting spent in this place.
 E = Time spent auto-exploring this place.
 F = Levels seen in this place.
 G = Mean time per level.
                   A        B        C        D        E       F      G
               +--------+--------+--------+--------+--------+-----+--------+
         Total |   4775 |   4702 |     73 |     30 |   2292 |  15 |  318.3 |
       Dungeon |   3345 |   3284 |     61 |     28 |   2024 |   8 |  418.1 |
        Temple |     50 |     38 |     12 |      0 |      0 |   1 |   50.0 |
          Lair |   1166 |   1166 |      0 |      0 |    263 |   5 |  233.2 |
        Bailey |    212 |    212 |      0 |      2 |      5 |   1 |  212.0 |
               +--------+--------+--------+--------+--------+-----+--------+

Top non-repeatable levels by time:
     D:3: 657 daAuts
  Lair:4: 545 daAuts
     D:2: 476 daAuts
     D:7: 461 daAuts
     D:6: 447 daAuts
     D:5: 440 daAuts
     D:1: 374 daAuts
     D:4: 278 daAuts
  Lair:3: 225 daAuts
  Bailey: 212 daAuts
     D:8: 209 daAuts
  Lair:5: 202 daAuts
  Lair:2: 110 daAuts
  Lair:1: 83 daAuts
  Temple: 50 daAuts
